[Event "XIX Najdorf Memorial 2019"]
[Site "Warsaw"]
[Date "2019.07.12"]
[Round "7.26"]
[White "Zochowski, Kacper"]
[Black "Krasiewicz, Robert"]
[Result "1-0"]
[ECO "A05"]
[WhiteElo "2251"]
[BlackElo "2017"]
[Annotator "NA"]
[PlyCount "63"]
[EventDate "2019.07.06"]
[EventType "swiss"]
[EventCountry "POL"]
[SourceTitle "playchess.com"]
[Source "ChessBase"]
[SourceQuality "1"]
[TimeControl "40/5400+30:1800+30"]

1. Nf3 Nf6 2. c4 e6 3. g3 d5 4. Bg2 c5 5. cxd5 exd5 6. O-O Nc6 7. d4 Be7 8. dxc5 Bxc5 9. a3 a6 10. b4 Be7 11. Bb2 O-O 12. Nc3 Bg4 13. Re1 Qd7 14. Na4 Rad8 15. Rc1 Ne4 16. Nd4 Bg5 17. f4 Nxd4 18. Bxd4 Bf6 19. Bxf6 Nxf6 20. Nc5 Qe7 21. Qd4 Rfe8 22. Nd3 Qe3+ 23. Qxe3 Rxe3 24. Ne5 Be6 25. a4 Rb3 26. Rb1 Rxb1 27. Rxb1 Rc8 28. a5 Bf5 29. Rd1 Be4 30. Bxe4 dxe4 31. Nd7 Rc4 32. Nb6 1-0

[Event "XIX Najdorf Memorial 2019"]
[Site "Warsaw"]
[Date "2019.07.12"]
[Round "7.27"]
[White "Malek, Daniel"]
[Black "Wisniewski, Michal"]
[Result "1/2-1/2"]
[ECO "A56"]
[WhiteElo "2362"]
[BlackElo "2103"]
[Annotator "NA"]
[PlyCount "126"]
[EventDate "2019.07.06"]
[EventType "swiss"]
[EventCountry "POL"]
[SourceTitle "playchess.com"]
[Source "ChessBase"]
[SourceQuality "1"]
[TimeControl "40/5400+30:1800+30"]

1. d4 Nf6 2. c4 c5 3. Nf3 cxd4 4. Nxd4 e5 5. Nb5 d5 6. cxd5 Bc5 7. N5c3 O-O 8. g3 Qb6 9. e3 e4 10. Bg2 Bf5 11. O-O Re8 12. Nd2 Na6 13. a3 Rad8 14. b4 Bxe3 15. Nc4 Qd4 16. Nxe3 Qxc3 17. Rb1 Qc8 18. Bb2 Rd6 19. Qd4 Bh3 20. Rbc1 Qd7 21. Rfd1 Bxg2 22. Kxg2 Nc7 23. Qxa7 Ncxd5 24. Bxf6 gxf6 25. Nxd5 Rxd5 26. Rxd5 Qxd5 27. Qe3 Qg5 28. Qxg5+ fxg5 29. Rc5 h6 30. a4 e3 31. fxe3 Rxe3 32. Rc7 b5 33. a5 Rb3 34. a6 Ra3 35. a7 Kg7 36. g4 Kf6 37. Rb7 Ke6 38. Kf2 Kd6 39. Rxf7 Kd5 40. Rc7 Ke4 41. h3 Ra2+ 42. Ke1 Kf3 43. Rh7 Kg3 44. Rxh6 Rxa7 45. Kd2 Rc7 46. Rg6 Kh4 47. Rh6+ Kg3 48. Rh5 Kf4 49. h4 gxh4 50. Rxh4 Rb7 51. Kd3 Rd7+ 52. Kc3 Rc7+ 53. Kb3 Rb7 54. Kc3 Rc7+ 55. Kd3 Rd7+ 56. Ke2 Re7+ 57. Kf2 Ra7 58. Rh5 Ra2+ 59. Ke1 Kxg4 60. Rxb5 Kf4 61. Kd1 Ke4 62. Kc1 Kd4 63. Kb1 Ra4 1/2-1/2

[Event "XIX Najdorf Memorial 2019"]
[Site "Warsaw"]
[Date "2019.07.12"]
[Round "7.28"]
[White "Maj, Pawel"]
[Black "Czerw, Dawid"]
[Result "1/2-1/2"]
[ECO "A14"]
[WhiteElo "2127"]
[BlackElo "2326"]
[Annotator "NA"]
[PlyCount "68"]
[EventDate "2019.07.06"]
[EventType "swiss"]
[EventCountry "POL"]
[SourceTitle "playchess.com"]
[Source "ChessBase"]
[SourceQuality "1"]
[TimeControl "40/5400+30:1800+30"]

1. c4 Nf6 2. Nf3 e6 3. g3 d5 4. Bg2 Be7 5. O-O O-O 6. b3 d4 7. e3 c5 8. exd4 cxd4 9. Re1 Nc6 10. Ba3 a5 11. Bxe7 Qxe7 12. d3 e5 13. Qe2 Re8 14. Nbd2 Nd7 15. Nh4 Nc5 16. Ne4 Nxe4 17. Bxe4 Bd7 18. f4 g6 19. f5 a4 20. Qf3 Qg5 21. Rf1 Qe3+ 22. Qxe3 dxe3 23. Rae1 axb3 24. axb3 Ra3 25. Bd5 g5 26. Nf3 Nb4 27. Nxg5 Nxd5 28. cxd5 Bb5 29. Ne4 Bxd3 30. Nf6+ Kf8 31. Rf3 e4 32. Rfxe3 Rd8 33. Nxe4 Bxe4 34. Rxe4 Rxb3 1/2-1/2

[Event "XIX Najdorf Memorial 2019"]
[Site "Warsaw"]
[Date "2019.07.12"]
[Round "7.29"]
[White "Martynyuk, Elizaveta"]
[Black "Deszczynski, Adam"]
[Result "0-1"]
[ECO "B42"]
[WhiteElo "2125"]
[BlackElo "2304"]
[Annotator "NA"]
[PlyCount "96"]
[EventDate "2019.07.06"]
[EventType "swiss"]
[EventCountry "POL"]
[SourceTitle "playchess.com"]
[Source "ChessBase"]
[SourceQuality "1"]
[TimeControl "40/5400+30:1800+30"]

1. e4 c5 2. Nf3 e6 3. d4 cxd4 4. Nxd4 a6 5. Bd3 Nf6 6. O-O Qc7 7. c4 Nc6 8. Nxc6 dxc6 9. Be3 e5 10. h3 Be6 11. Nc3 Nd7 12. Nd5 Qd8 13. f4 Bc5 14. Qe2 O-O 15. Rad1 cxd5 16. exd5 Qb6 17. Bf2 Bxh3 18. Qh5 Nf6 19. Qxh3 e4 20. Be2 a5 21. Bxc5 Qxc5+ 22. Kh2 Rfd8 23. g4 Nd7 24. d6 Nb6 25. Qh5 Qxh5+ 26. gxh5 Rac8 27. Rd4 f5 28. Rfd1 g6 29. b3 Kf7 30. a3 Nd7 31. Kg3 Kf6 32. Rh1 g5 33. b4 axb4 34. axb4 Ra8 35. fxg5+ Kxg5 36. c5 Ne5 37. h6 Ra2 38. Rd5 f4+ 39. Kf2 f3 40. Rxe5+ Kf4 41. Rxe4+ Kxe4 42. Rh4+ Kd5 43. Kxf3 Rf8+ 44. Ke3 Re8+ 45. Kf3 Rexe2 46. d7 Rf2+ 47. Ke3 Rae2+ 48. Kd3 Rd2+ 0-1

[Event "XIX Najdorf Memorial 2019"]
[Site "Warsaw"]
[Date "2019.07.12"]
[Round "7.30"]
[White "Sowul, Bartosz"]
[Black "Lukasiewicz, Anna"]
[Result "1-0"]
[ECO "A05"]
[WhiteElo "2210"]
[BlackElo "2062"]
[Annotator "NA"]
[PlyCount "119"]
[EventDate "2019.07.06"]
[EventType "swiss"]
[EventCountry "POL"]
[SourceTitle "playchess.com"]
[Source "ChessBase"]
[SourceQuality "1"]
[TimeControl "40/5400+30:1800+30"]

1. Nf3 Nf6 2. c4 g6 3. b3 Bg7 4. Bb2 O-O 5. g3 d6 6. d4 c5 7. Bg2 Nbd7 8. Nc3 a6 9. O-O Rb8 10. dxc5 Nxc5 11. Nd4 Ne6 12. e3 Nxd4 13. exd4 Bg4 14. Qc1 Qd7 15. Re1 Rfe8 16. a4 Bh3 17. Bh1 Qf5 18. Qb1 Qh5 19. Qd1 Bg4 20. Qd3 Bf5 21. Qf1 Bh3 22. Bg2 Bxg2 23. Qxg2 Qa5 24. Qf3 Qb6 25. Qd1 e6 26. Re3 h5 27. Rd3 Ng4 28. Ne4 d5 29. c5 Qd8 30. Nd6 Rf8 31. Qe2 Qf6 32. Rf3 Qe7 33. Rd3 Qf6 34. Re1 Nh6 35. Rf3 Qe7 36. b4 Qd7 37. b5 axb5 38. axb5 Ra8 39. Bc3 Ra4 40. Ra1 Rxa1+ 41. Bxa1 Ra8 42. Bc3 Bf8 43. Bd2 Ra2 44. Qd1 Bxd6 45. Bxh6 Be7 46. Rb3 Bf6 47. Qb1 Ra4 48. Rb4 Ra8 49. Bf4 Qc8 50. Bd6 Ra5 51. Qc2 Qd7 52. Bf4 Qc8 53. c6 b6 54. Ra4 Rxb5 55. c7 Kg7 56. Qc6 Ra5 57. Rxa5 bxa5 58. Qb6 Qd7 59. Qb8 Qa4 60. c8=Q 1-0

[Event "XIX Najdorf Memorial 2019"]
[Site "Warsaw"]
[Date "2019.07.12"]
[Round "7.31"]
[White "Jarocka, Liwia"]
[Black "Malovanyi, Yulian"]
[Result "1/2-1/2"]
[ECO "B75"]
[WhiteElo "2102"]
[BlackElo "2204"]
[Annotator "NA"]
[PlyCount "119"]
[EventDate "2019.07.06"]
[EventType "swiss"]
[EventCountry "POL"]
[SourceTitle "playchess.com"]
[Source "ChessBase"]
[SourceQuality "1"]
[TimeControl "40/5400+30:1800+30"]

1. e4 c5 2. Nf3 d6 3. d4 cxd4 4. Nxd4 Nf6 5. Nc3 g6 6. Be3 Bg7 7. f3 a6 8. Bc4 h5 9. Bb3 Nbd7 10. Qd2 Nc5 11. Nd5 Bd7 12. O-O-O Rc8 13. Kb1 b5 14. Bg5 e6 15. Nxf6+ Bxf6 16. Bxf6 Qxf6 17. Rhe1 O-O 18. h3 Rfd8 19. f4 e5 20. Nf3 exf4 21. Qxd6 Qxd6 22. Rxd6 Nxb3 23. axb3 Bc6 24. Rf6 Re8 25. Rxf4 Rc7 26. Ng5 Re5 27. Nf3 Re8 28. g4 hxg4 29. hxg4 Kg7 30. Nd2 Rce7 31. g5 Re5 32. Rg4 Bd7 33. Rg3 Bc6 34. Kc1 Ba8 35. b4 Rh8 36. Rg4 Rh3 37. c3 Bd5 38. Rf4 Bb7 39. Nf3 Rxe4 40. Rexe4 Bxe4 41. Nd4 Bb7 42. Rg4 Rh1+ 43. Kc2 Rh2+ 44. Kc1 Bd5 45. Rg1 Rf2 46. Nc2 Be4 47. Nd4 f5 48. b3 Ra2 49. Re1 Kf7 50. c4 bxc4 51. bxc4 Ra4 52. Kd2 a5 53. bxa5 Rxc4 54. Ke3 Ra4 55. Rc1 Rxa5 56. Rc7+ Ke8 57. Kf4 Rd5 58. Ne6 Ra5 59. Nc5 Rb5 60. Ne6 1/2-1/2

[Event "XIX Najdorf Memorial 2019"]
[Site "Warsaw"]
[Date "2019.07.12"]
[Round "7.32"]
[White "Adamski, Jan"]
[Black "Rosicki, Marcin"]
[Result "1/2-1/2"]
[ECO "E94"]
[WhiteElo "2183"]
[BlackElo "2026"]
[Annotator "NA"]
[PlyCount "39"]
[EventDate "2019.07.06"]
[EventType "swiss"]
[EventCountry "POL"]
[SourceTitle "playchess.com"]
[Source "ChessBase"]
[SourceQuality "1"]
[TimeControl "40/5400+30:1800+30"]

1. Nf3 Nf6 2. c4 g6 3. Nc3 Bg7 4. d4 d6 5. e4 O-O 6. Be2 e5 7. O-O exd4 8. Nxd4 Re8 9. f3 c6 10. Kh1 Nh5 11. f4 Nf6 12. Bf3 Bg4 13. Nc2 Bxf3 14. Qxf3 Qe7 15. Bd2 Nbd7 16. Rae1 Nc5 17. e5 dxe5 18. Rxe5 Qd6 19. Be3 Ne6 20. Rd1 1/2-1/2

[Event "XIX Najdorf Memorial 2019"]
[Site "Warsaw"]
[Date "2019.07.13"]
[Round "8.1"]
[White "Baum, Jonasz"]
[Black "Romanishin, Oleg M"]
[Result "1/2-1/2"]
[ECO "A40"]
[WhiteElo "2308"]
[BlackElo "2443"]
[Annotator "NA"]
[PlyCount "99"]
[EventDate "2019.07.06"]
[EventType "swiss"]
[EventCountry "POL"]
[SourceTitle "playchess.com"]
[Source "ChessBase"]
[SourceQuality "1"]
[TimeControl "40/5400+30:1800+30"]

1. d4 Nf6 2. c4 e6 3. g3 Bb4+ 4. Bd2 c5 5. Bxb4 cxb4 6. Bg2 Qc7 7. Nd2 O-O 8. Ngf3 b6 9. O-O Bb7 10. Rc1 d6 11. Re1 Nbd7 12. e4 e5 13. Qc2 Rfe8 14. d5 Nc5 15. Nb3 Bc8 16. Nxc5 Qxc5 17. Qd2 Bd7 18. b3 a5 19. Qe3 a4 20. Qxc5 bxc5 21. Rc2 axb3 22. axb3 Ra3 23. Nd2 Rea8 24. f3 g5 25. Kf2 Nh5 26. Bf1 f5 27. Rb2 Nf6 28. Bd3 f4 29. g4 Kf7 30. h3 h5 31. Be2 Rh8 32. Kg2 Ke7 33. Rd1 Rh7 34. Rbb1 Rh8 35. Rb2 Raa8 36. Rbb1 Ra2 37. Ra1 Rha8 38. Rxa2 Rxa2 39. Kf1 Be8 40. Bd3 Nd7 41. Bb1 Ra3 42. Bd3 Nf8 43. Rb1 Ra2 44. Rd1 Kf6 45. Bb1 Ra7 46. Bd3 Ng6 47. Be2 Nh4 48. Kf2 Ra2 49. Bd3 Bd7 50. Be2 1/2-1/2

[Event "XIX Najdorf Memorial 2019"]
[Site "Warsaw"]
[Date "2019.07.13"]
[Round "8.2"]
[White "Paszewski, Mateusz"]
[Black "Efimenko, Zahar"]
[Result "1/2-1/2"]
[ECO "E70"]
[WhiteElo "2324"]
[BlackElo "2631"]
[Annotator "RC"]
[PlyCount "192"]
[EventDate "2019.07.06"]
[EventType "swiss"]
[EventCountry "POL"]
[SourceTitle "playchess.com"]
[Source "ChessBase"]
[SourceQuality "1"]
[TimeControl "40/5400+30:1800+30"]

1. d4 Nf6 2. c4 g6 3. Nc3 Bg7 4. e4 O-O 5. h3 d6 6. Be3 Na6 7. g4 c5 8. Nge2 cxd4 9. Nxd4 Nc5 10. Bg2 Bd7 11. O-O a6 12. f4 Rc8 13. Rc1 e5 14. Nb3 exf4 15. Bxf4 Nxb3 16. Qxb3 Be6 17. Nd5 Bxd5 18. exd5 Re8 19. Rfe1 Qd7 20. Qb4 Rxe1+ 21. Rxe1 Ne8 22. b3 b5 23. Rc1 Bb2 24. Rc2 Bd4+ 25. Kh1 Qa7 26. Qe1 Qb6 27. Re2 Nf6 28. cxb5 Qxb5 29. Bxd6 Nxd5 30. a4 Qd7 31. Bxd5 Qxd6 32. Re8+ Kg7 33. Rxc8 Qxd5+ 34. Kh2 Be5+ 35. Kg1 Bd4+ 36. Kh2 Qxb3 37. Re8 Qxa4 38. Re4 Qa2+ 39. Qe2 Qd5 40. Qf3 a5 41. Kg2 a4 42. Qd3 Qa2+ 43. Re2 Qa1 44. Rd2 Qg1+ 45. Kf3 Be5 46. Ke4 Bf6 47. Kd5 Qb6 48. Kc4 Qc6+ 49. Kb4 Be7+ 50. Ka5 a3 51. Ra2 Qc5+ 52. Ka6 Qc6+ 53. Ka5 Qa8+ 54. Kb5 Qb7+ 55. Ka5 Qb4+ 56. Ka6 Bc5 57. Qb5 Qd4 58. Rc2 Qf6+ 59. Ka5 Bd4 60. Ka4 Bb2 61. Kb3 Qf3+ 62. Ka2 Qf6 63. g5 Qe6+ 64. Qb3 Qxb3+ 65. Kxb3 h6 66. h4 hxg5 67. hxg5 Kf8 68. Rc7 Ke8 69. Ra7 Bc1 70. Kc2 Bxg5 71. Rxa3 Ke7 72. Kd3 Bf4 73. Ke4 Bd6 74. Ra7+ Ke6 75. Ra8 f5+ 76. Kf3 g5 77. Ra4 Be5 78. Ra6+ Kf7 79. Ra4 Bd6 80. Rd4 Bh2 81. Ra4 Be5 82. Rc4 Bb8 83. Rb4 Bh2 84. Ra4 Kg6 85. Kg2 Bb8 86. Rb4 Ba7 87. Ra4 Be3 88. Kf3 Bc1 89. Rc4 Bd2 90. Rd4 Be1 91. Ke2 Bc3 92. Rc4 Bf6 93. Kf3 Be7 94. Ra4 Kh5 95. Ra5 f4 96. Ra2 Bf6 1/2-1/2

[Event "XIX Najdorf Memorial 2019"]
[Site "Warsaw"]
[Date "2019.07.13"]
[Round "8.3"]
[White "Sedlak, Nikola"]
[Black "Noe, Christopher"]
[Result "1-0"]
[ECO "D02"]
[WhiteElo "2586"]
[BlackElo "2534"]
[Annotator "ChessBase"]
[PlyCount "57"]
[EventDate "2019.07.06"]
[EventType "swiss"]
[EventCountry "POL"]
[SourceTitle "playchess.com"]
[Source "ChessBase"]
[SourceQuality "1"]
[TimeControl "40/5400+30:1800+30"]

1. d4 Nf6 2. Nf3 d5 3. Bf4 c5 4. e3 Nc6 5. Nbd2 e6 6. c3 Bd6 7. Bg3 O-O 8. Bd3 b6 9. Qe2 Bb7 10. Rd1 Re8 11. e4 Be7 12. e5 Nh5 13. h4 g6 14. Bh2 cxd4 15. Nxd4 Nxd4 16. cxd4 Ng7 17. g4 a5 18. h5 Rf8 19. Bf4 Qc8 20. Qe3 Ba6 21. Bb1 gxh5 22. Bh6 f5 23. gxf5 Rxf5 24. Bxg7 Kxg7 25. Bxf5 exf5 26. Rg1+ Kh8 27. Qh6 Qf8 28. Qxf8+ Rxf8 29. Rc1 1-0

[Event "XIX Najdorf Memorial 2019"]
[Site "Warsaw"]
[Date "2019.07.13"]
[Round "8.3"]
[White "Jakubowski, Krzysztof"]
[Black "Kucza, Karol"]
[Result "1-0"]
[ECO "A00"]
[WhiteElo "2528"]
[BlackElo "2315"]
[Annotator "ChessBase"]
[PlyCount "57"]
[EventDate "2019.07.06"]
[EventType "swiss"]
[EventCountry "POL"]
[SourceTitle "playchess.com"]
[Source "ChessBase"]
[SourceQuality "1"]
[TimeControl "40/5400+30:1800+30"]

1. g3 Nf6 2. Bg2 d5 3. f4 c5 4. Nf3 g6 5. O-O Bg7 6. d3 b6 7. e4 O-O 8. e5 Ne8 9. c4 Nc7 10. Nc3 d4 11. Ne4 Bb7 12. h4 Bxe4 13. dxe4 Nc6 14. h5 e6 15. Rf2 a6 16. Bf1 b5 17. Rh2 Qe7 18. b3 Rad8 19. a3 bxc4 20. bxc4 Qd7 21. Bd3 Rb8 22. Raa2 Na8 23. hxg6 fxg6 24. Rh3 Nb6 25. Rah2 h6 26. f5 Nxe5 27. Nxe5 Bxe5 28. Rxh6 gxf5 29. Qh5 1-0

[Event "XIX Najdorf Memorial 2019"]
[Site "Warsaw"]
[Date "2019.07.13"]
[Round "8.4"]
[White "Heberla, Bartlomiej"]
[Black "Galperin, Platon"]
[Result "1-0"]
[ECO "B58"]
[WhiteElo "2534"]
[BlackElo "2445"]
[Annotator "ChessBase"]
[PlyCount "55"]
[EventDate "2019.07.06"]
[EventType "swiss"]
[EventCountry "POL"]
[SourceTitle "playchess.com"]
[Source "ChessBase"]
[SourceQuality "1"]
[TimeControl "40/5400+30:1800+30"]

1. e4 c5 2. Nf3 Nc6 3. Nc3 d6 4. d4 cxd4 5. Nxd4 Nf6 6. Be2 e5 7. Nf3 h6 8. O-O Be7 9. Re1 O-O 10. h3 Be6 11. Bf1 Qa5 12. a3 Rac8 13. Rb1 Nb8 14. Nh4 Nc6 15. Nf3 Nb8 16. Nb5 d5 17. exd5 Bxd5 18. Nxe5 Rfd8 19. Bd2 Qb6 20. Nc3 Bc5 21. Nd3 Bc6 22. Nxc5 Qxc5 23. Be3 Qa5 24. Qe2 Nbd7 25. Rbd1 Re8 26. Nb5 Bxb5 27. Qxb5 Qc7 28. c3 1-0

[Event "XIX Najdorf Memorial 2019"]
[Site "Warsaw"]
[Date "2019.07.13"]
[Round "8.5"]
[White "Popovic, Dusan"]
[Black "Marczuk, Dominik"]
[Result "1-0"]
[ECO "A48"]
[WhiteElo "2487"]
[BlackElo "2300"]
[Annotator "ChessBase"]
[PlyCount "96"]
[EventDate "2019.07.06"]
[EventType "swiss"]
[EventCountry "POL"]
[SourceTitle "playchess.com"]
[Source "ChessBase"]
[SourceQuality "1"]
[TimeControl "40/5400+30:1800+30"]

1. d4 Nf6 2. Nf3 g6 3. Nbd2 Bg7 4. e4 d6 5. Bb5+ c6 6. Bd3 O-O 7. O-O Nbd7 8. Re1 e5 9. c3 Qc7 10. a4 d5 11. exd5 Nxd5 12. dxe5 Nxe5 13. Nxe5 Bxe5 14. Nf3 Bg4 15. h3 Bxf3 16. Qxf3 Rfe8 17. g3 Kg7 18. Bd2 Qb6 19. Re2 Re7 20. c4 Nf6 21. a5 Qc7 22. a6 b6 23. Rae1 Rae8 24. b4 Qd6 25. Bc2 Nd7 26. Ba4 Re6 27. Rd1 Qc7 28. Bg5 f6 29. Bc1 R8e7 30. Be3 f5 31. c5 Bf6 32. cxb6 Nxb6 33. Bf4 Qc8 34. Rxe6 Rxe6 35. Bb3 Re4 36. Qd3 Rxb4 37. Qe3 h5 38. Rd6 Re4 39. Qd2 Qxa6 40. Kg2 Re2 41. Qd1 Be7 42. Qd4+ Kh7 43. Rf6 Bxf6 44. Qxf6 Qb7 45. Bf7 c5+ 46. Kf1 Qh1+ 47. Kxe2 Qe4+ 48. Be3 f4 1-0

[Event "XIX Najdorf Memorial 2019"]
[Site "Warsaw"]
[Date "2019.07.13"]
[Round "8.5"]
[White "Gagare, Shardul"]
[Black "Bernadskiy, Vitaliy"]
[Result "0-1"]
[ECO "A37"]
[WhiteElo "2476"]
[BlackElo "2594"]
[Annotator "ChessBase"]
[PlyCount "160"]
[EventDate "2019.07.06"]
[EventType "swiss"]
[EventCountry "POL"]
[SourceTitle "playchess.com"]
[Source "ChessBase"]
[SourceQuality "1"]
[TimeControl "40/5400+30:1800+30"]

1. Nf3 g6 2. c4 Bg7 3. g3 c5 4. Bg2 Nc6 5. Nc3 d6 6. d3 e6 7. O-O Nge7 8. a3 b6 9. Bf4 O-O 10. Qc1 Bb7 11. Bh6 Qd7 12. Bxg7 Kxg7 13. Rb1 Rad8 14. e3 h6 15. b4 g5 16. Qb2 f6 17. h3 Ng6 18. d4 cxd4 19. exd4 e5 20. Rbd1 Qf7 21. Nd5 e4 22. Nd2 f5 23. f3 e3 24. Nxe3 f4 25. gxf4 Qxf4 26. Nd5 Qxd4+ 27. Qxd4+ Nxd4 28. Ne4 Nf5 29. Rf2 Bxd5 30. Rxd5 Nf4 31. Rdd2 Nxg2 32. Kxg2 Ne3+ 33. Kg3 Nxc4 34. Rd3 d5 35. Nc3 d4 36. Ne2 Kg6 37. Rxd4 Nxa3 38. Re4 Nb5 39. f4 Rfe8 40. Rxe8 Rxe8 41. Kf3 Rc8 42. Rg2 Kf6 43. Rg4 gxf4 44. Rxf4+ Ke7 45. Nd4 Rc3+ 46. Kg2 Nxd4 47. Rxd4 b5 48. Rh4 Rc6 49. Rg4 Kf6 50. Rh4 Kg5 51. Rg4+ Kh5 52. Rd4 a6 53. Rd5+ Kg6 54. Kg3 Kf6 55. Rh5 Ke7 56. Re5+ Kd6 57. Rf5 Kc7 58. h4 Kb6 59. Rf8 Rc3+ 60. Kg2 Rc4 61. Rf6+ Rc6 62. Rf8 a5 63. Rb8+ Ka7 64. Rxb5 a4 65. Rd5 a3 66. Rd2 Ra6 67. Ra2 Kb6 68. Kf3 Kb5 69. Kg4 Kxb4 70. Kh5 Kb3 71. Ra1 a2 72. Rg1 Rb6 73. Rf1 Ka4 74. Ra1 Ka3 75. Rf1 Rb1 76. Rf8 Rb5+ 77. Kxh6 Rb4 78. Rf3+ Ka4 79. Rf8 Rxh4+ 80. Kg5 Rb4 0-1

[Event "XIX Najdorf Memorial 2019"]
[Site "Warsaw"]
[Date "2019.07.13"]
[Round "8.6"]
[White "Fedorov, Alexei"]
[Black "Barski, Radoslaw"]
[Result "1-0"]
[ECO "C50"]
[WhiteElo "2551"]
[BlackElo "2468"]
[Annotator "ChessBase"]
[PlyCount "65"]
[EventDate "2019.07.06"]
[EventType "swiss"]
[EventCountry "POL"]
[SourceTitle "playchess.com"]
[Source "ChessBase"]
[SourceQuality "1"]
[TimeControl "40/5400+30:1800+30"]

1. e4 e5 2. Nf3 Nc6 3. Bc4 Bc5 4. O-O Nf6 5. d3 a6 6. c3 d6 7. Bb3 Ba7 8. Nbd2 O-O 9. h3 h6 10. Re1 Nh5 11. Nf1 Qf6 12. Be3 Nf4 13. d4 Ne7 14. Ng3 Neg6 15. Bc2 Re8 16. Nf5 Be6 17. h4 Bb6 18. g3 Nh3+ 19. Kg2 d5 20. dxe5 Nxe5 21. Nxe5 dxe4 22. Nd4 Qxe5 23. Nxe6 Qxe6 24. Bxb6 Qxb6 25. Kxh3 Qxf2 26. Rf1 Qb6 27. Bb3 Re7 28. Qd5 Rf8 29. Rf4 e3 30. Re1 c6 31. Qf3 Qc7 32. Rxe3 Qd7+ 33. g4 1-0

[Event "XIX Najdorf Memorial 2019"]
[Site "Warsaw"]
[Date "2019.07.13"]
[Round "8.7"]
[White "Budrewicz, Krzysztof"]
[Black "Ali Marandi, Cemil Can"]
[Result "0-1"]
[ECO "D10"]
[WhiteElo "2188"]
[BlackElo "2527"]
[Annotator "ChessBase"]
[PlyCount "50"]
[EventDate "2019.07.06"]
[EventType "swiss"]
[EventCountry "POL"]
[SourceTitle "playchess.com"]
[Source "ChessBase"]
[SourceQuality "1"]
[TimeControl "40/5400+30:1800+30"]

1. d4 d5 2. c4 c6 3. cxd5 cxd5 4. Nc3 Nc6 5. Bf4 e5 6. dxe5 d4 7. Ne4 Qa5+ 8. Nd2 Nge7 9. Ngf3 Nd5 10. g3 h6 11. h4 Be7 12. Bg2 Nxf4 13. gxf4 Be6 14. Kf1 Rd8 15. Bh3 Bd5 16. Bf5 O-O 17. Be4 f6 18. Bxd5+ Qxd5 19. Qb3 fxe5 20. fxe5 d3 21. Rd1 Bb4 22. Ne4 Qxb3 23. axb3 Rf4 24. Nc3 Bxc3 25. bxc3 dxe2+ {[%emt 0:00:05] Ra1} 0-1

[Event "XIX Najdorf Memorial 2019"]
[Site "Warsaw"]
[Date "2019.07.13"]
[Round "8.8"]
[White "Mosesov, Danylo"]
[Black "Gukesh D"]
[Result "0-1"]
[ECO "B06"]
[WhiteElo "2353"]
[BlackElo "2520"]
[Annotator "ChessBase"]
[PlyCount "80"]
[EventDate "2019.07.06"]
[EventType "swiss"]
[EventCountry "POL"]
[SourceTitle "playchess.com"]
[Source "ChessBase"]
[SourceQuality "1"]
[TimeControl "40/5400+30:1800+30"]

1. e4 g6 2. d4 Bg7 3. Nc3 d6 4. Nf3 a6 5. a4 Nf6 6. Be2 O-O 7. O-O Nc6 8. d5 Nb8 9. Be3 Bg4 10. Nd4 Bxe2 11. Qxe2 c6 12. Rad1 cxd5 13. exd5 Nbd7 14. Nb3 Rc8 15. Bd4 Nb6 16. Rfe1 Re8 17. Qf3 Nc4 18. Rb1 Qc7 19. Re2 Nd7 20. Bxg7 Kxg7 21. Ne4 Nce5 22. Qg3 Qc4 23. Nc3 Nf6 24. Rd1 Qb4 25. Rd4 Rc4 26. Red2 Rxd4 27. Rxd4 Qb6 28. Qe3 Rc8 29. a5 Qc7 30. Rh4 h5 31. Qg5 Nc4 32. Nd4 Qxa5 33. h3 Kf8 34. Rf4 Nxb2 35. Ne6+ Ke8 36. Qh6 Qxc3 37. Qf8+ Kd7 38. Qxf7 Qe1+ 39. Kh2 Nxd5 40. Nf8+ Rxf8 0-1

[Event "XIX Najdorf Memorial 2019"]
[Site "Warsaw"]
[Date "2019.07.13"]
[Round "8.9"]
[White "Harsha Bharathakoti"]
[Black "Fus, Jakub"]
[Result "1/2-1/2"]
[ECO "C45"]
[WhiteElo "2486"]
[BlackElo "2341"]
[Annotator "ChessBase"]
[PlyCount "81"]
[EventDate "2019.07.06"]
[EventType "swiss"]
[EventCountry "POL"]
[SourceTitle "playchess.com"]
[Source "ChessBase"]
[SourceQuality "1"]
[TimeControl "40/5400+30:1800+30"]

1. e4 e5 2. Nf3 Nc6 3. d4 exd4 4. Nxd4 Nf6 5. Nxc6 bxc6 6. e5 Qe7 7. Qe2 Nd5 8. h4 a5 9. c4 Nb6 10. Nd2 Qe6 11. h5 h6 12. g3 Bb4 13. Rh4 Ba6 14. a3 Bxd2+ 15. Bxd2 O-O 16. O-O-O Rfe8 17. Qg4 a4 18. Bc3 c5 19. Bd3 Qxg4 20. Rxg4 Kf8 21. Kc2 Rad8 22. Rd2 Bb7 23. Rf4 Bc6 24. g4 Re7 25. g5 hxg5 26. Rg4 d5 27. exd6 cxd6 28. Rxg5 f6 29. Rg1 Re6 30. h6 gxh6 31. Rg6 Be4 32. Rxf6+ Rxf6 33. Bxf6 Bxd3+ 34. Kxd3 Rd7 35. Bc3 Rf7 36. Ba5 Nd7 37. Ke2 Ke7 38. Bc3 Nb6 39. Rd3 Rf5 40. Rh3 h5 41. Rh4 1/2-1/2

[Event "XIX Najdorf Memorial 2019"]
[Site "Warsaw"]
[Date "2019.07.13"]
[Round "8.10"]
[White "Menezes, Christoph"]
[Black "Yuffa, Daniil"]
[Result "1/2-1/2"]
[ECO "E94"]
[WhiteElo "2413"]
[BlackElo "2582"]
[Annotator "ChessBase"]
[PlyCount "87"]
[EventDate "2019.07.06"]
[EventType "swiss"]
[EventCountry "POL"]
[SourceTitle "playchess.com"]
[Source "ChessBase"]
[SourceQuality "1"]
[TimeControl "40/5400+30:1800+30"]

1. Nf3 d6 2. d4 Nf6 3. c4 g6 4. Nc3 Bg7 5. e4 O-O 6. Be2 e5 7. O-O Na6 8. Be3 c6 9. Qc2 Ng4 10. Bg5 Qe8 11. dxe5 dxe5 12. h3 f6 13. Bd2 Nh6 14. a3 Nc5 15. b4 Ne6 16. c5 Nf7 17. Be3 Nf4 18. Bc4 Be6 19. Ne2 Bxc4 20. Qxc4 Qe6 21. Qc2 Nxe2+ 22. Qxe2 f5 23. Rfd1 a5 24. b5 Bf6 25. Rab1 Rfd8 26. Rxd8+ Rxd8 27. Qc2 Be7 28. bxc6 bxc6 29. Bd2 fxe4 30. Qxe4 Qd5 31. Qxd5 Rxd5 32. Bxa5 Bxc5 33. Bb4 Ba7 34. Nd2 Nd6 35. Bxd6 Rxd2 36. Bxe5 Rxf2 37. Kh1 Re2 38. Bh2 Ra2 39. Bd6 h5 40. Rc1 h4 41. Kh2 c5 42. Bxc5 Bxc5 43. Rxc5 Rxa3 44. Rc4 1/2-1/2

[Event "XIX Najdorf Memorial 2019"]
[Site "Warsaw"]
[Date "2019.07.13"]
[Round "8.10"]
[White "Zochowski, Kacper"]
[Black "Goluch, Piotr"]
[Result "0-1"]
[ECO "A14"]
[WhiteElo "2251"]
[BlackElo "2386"]
[Annotator "NA"]
[PlyCount "76"]
[EventDate "2019.07.06"]
[EventType "swiss"]
[EventCountry "POL"]
[SourceTitle "playchess.com"]
[Source "ChessBase"]
[SourceQuality "1"]
[TimeControl "40/5400+30:1800+30"]

1. Nf3 d5 2. c4 e6 3. g3 Nf6 4. Bg2 Be7 5. O-O O-O 6. b3 c5 7. Bb2 d4 8. b4 a5 9. bxc5 Nc6 10. d3 e5 11. Na3 Bxc5 12. Nb5 Qe7 13. Qc1 Bg4 14. Re1 Bb4 15. Nd2 Rfd8 16. a3 Bc5 17. Nb3 Bb6 18. a4 Nd7 19. Ba3 Nc5 20. Rb1 Nb4 21. Nxc5 Bxc5 22. f4 e4 23. Bxe4 f5 24. Bf3 h5 25. Kg2 Ra6 26. h3 Bxf3+ 27. exf3 Re6 28. Rxe6 Qxe6 29. Qd2 Re8 30. Bxb4 axb4 31. Kf2 h4 32. g4 Qc6 33. Re1 Re3 34. Qd1 fxg4 35. hxg4 Qe8 36. Rh1 b3 37. Rxh4 Re1 38. Qd2 Bb4 0-1